 Dungeon Crawl Stone Soup version 0.30-a0-748-ge6a52f7cba (webtiles) character file.

Game seed: 10542231927776311436

69592 GuildmasterMusic the Severer (level 14, -4/133 HPs)
             Began as a Minotaur Fighter on Feb 8, 2023.
             Was the Champion of Okawaru.
             Hit by a boomerang thrown by a merfolk (6 damage)
             ... on level 1 of the Shoals.
             The game lasted 00:48:02 (20285 turns).

GuildmasterMusic the Severer (Minotaur Fighter)    Turns: 20285, Time: 00:48:03

Health: -4/133     AC: 27    Str: 35    XL:     14   Next: 90%
Magic:  0/20       EV: 10    Int:  1    God:    Okawaru [******]
Gold:   2427       SH: 10    Dex:  6    Spells: 13/13 levels left

rFire   + . .      SeeInvis .    W - +9 war axe of the Extremes {venom, rF+ Str+2 Dex-3}
rCold   . . .      Faith    .    I - +2 buckler of Time Monsters {Rampage Will++ Int-4 Stlth+}
rNeg    . . .      Spirit   +    U - +1 plate armour {rPois}
rPois   +          Reflect  .    (helmet restricted)
rElec   .          Harm     .    O - scarf {repulsion}
rCorr   .          Rampage  +    C - +2 pair of gloves
Will    +++..                    Q - +2 pair of boots {rampage} Stlth
                                 Z - amulet of guardian spirit
HPRegen 0.42/turn                a - +6 ring of strength
MPRegen 0.17/turn                k - +4 ring of slaying

@: about to teleport, heroic, marked, engulfed (cannot breathe), mesmerised,
studying Shields, repel missiles
A: horns 2, retaliatory headbutt
a: Renounce Religion, Heroism, Finesse, Duel


You were on level 1 of the Shoals.
You worshipped Okawaru.
Okawaru was exalted by your worship.
You visited 4 branches of the dungeon, and saw 21 of its levels.
You also visited: Sewer and Gauntlet.

You collected 2479 gold pieces.
You spent 52 gold pieces at shops.

Inventory:

Hand Weapons
 W - the +9 war axe of the Extremes (weapon) {venom, rF+ Str+2 Dex-3}
   (Okawaru gifted it to you on level 4 of the Lair of Beasts)

   Str:       It affects your strength (+2).
   Dex:       It affects your dexterity (-3).
   rF:        It protects you from fire.
Missiles
 e - 37 boomerangs (quivered)
 V - 10 silver javelins
Armour
 C - a +2 pair of gloves (worn)
 I - the +2 buckler of Time Monsters (worn) {Rampage Will++ Int-4 Stlth+}
   (Okawaru gifted it to you on level 5 of the Lair of Beasts)

   Int:       It affects your intelligence (-4).
   Rampage:   It bestows one free step when moving towards enemies.
   Will:      It greatly increases your willpower.
   Stlth:     It makes you more stealthy.
 O - a scarf of repulsion (worn)
 Q - a +2 pair of boots of rampaging (worn)
 U - a +1 plate armour of poison resistance (worn)
 X - a +2 cloak of stealth
Jewellery
 a - a +6 ring of strength (left hand)
 k - a +4 ring of slaying (right hand)
 o - a ring of resist corrosion
 z - an amulet of the acrobat
 J - a ring of see invisible
 S - a ring of ice
 Z - an amulet of guardian spirit (around neck)
Wands
 E - a wand of flame (48)
 H - a wand of roots (16)
 N - a wand of digging (5)
 P - a wand of polymorph (11)
 T - a wand of mindburst (7)
 Y - a wand of paralysis (3)
Scrolls
 b - 3 scrolls of teleportation
 c - 2 scrolls of brand weapon
 i - a scroll of poison
 p - a scroll of blinking
 r - 3 scrolls of enchant weapon
 t - 6 scrolls of fog
 u - a scroll of amnesia
 y - 4 scrolls of fear
 B - a scroll of torment
 G - 7 scrolls of magic mapping
 L - a scroll of silence
Potions
 d - 5 potions of might
 f - 3 potions of lignification
 g - 4 potions of brilliance
 h - 10 potions of mutation
 j - 2 potions of berserk rage
 m - 4 potions of ambrosia
 n - 3 potions of curing
 s - 3 potions of flight
 v - 2 potions of resistance
 w - 3 potions of haste
 x - 5 potions of invisibility
 A - a potion of attraction
 D - a potion of cancellation


   Skills:
 + Level 14.3(19.3) Fighting
 - Level 18.0(23.0) Axes
 + Level 14.3(19.3) Armour
 + Level 14.5(19.5) Shields
 + Level 9.7 Invocations


You had 13 spell levels left.
You didn't know any spells.
Your spell library contained the following spells:

 Spells                   Type           Power      Damage    Failure   Level
 Beastly Appendage        Tmut           0%         N/A       95%         1
 Freeze                   Ice            0%         1d3       95%         1
 Necrotise                Necr           0%         1d4       95%         1
 Lesser Beckoning         Tloc           0%         N/A       99%         2
 Wereblood                Tmut           0%         N/A       99%         2
 Frozen Ramparts          Ice            0%         1d1       100%        3
 Gell's Gravitas          Tloc           0%         N/A       100%        3
 Hailstorm                Conj/Ice       0%         3d3       100%        3
 Spider Form              Tmut/Pois      0%         N/A       100%        3
 Teleport Other           Tloc           0%         N/A       100%        3
 Vampiric Draining        Necr           0%         2d6       100%        3
 Olgreb's Toxic Radiance  Pois           0%         N/A       100%        4
 Agony                    Necr           0%         N/A       100%        5
 Yara's Violent Unravell  Hex/Tmut       0%         3d3       100%        5
 Enfeeble                 Hex            0%         N/A       100%        7
 Ozocubu's Refrigeration  Ice            0%         4d7       100%        7
 Ignition                 Fire           0%         3d3       100%        8


Dungeon Overview and Level Annotations

Branches:
Dungeon (13/15)            Temple (0/1) D:7            Lair (5/5) D:10
 Shoals (1/4) Lair:2       Spider (0/4) Lair:3        Slime (0/5) Lair:5
    Orc (2/2) D:11            Elf (0/3) Orc:2         Sewer (visited)
Gauntlet (visited)
 Vaults: D:13-14

Altars:
Dithmenos
Gozag
Kikubaaqudgha
Makhleb
Nemelex Xobeh
Okawaru
Ru
Uskayaw
Wu Jian
Xom
Yredelemnul
Jiyva

Shops:
Orc:2 *=*(

Annotations:
D:8 1 runed translucent door, cheesebisquit's ghost, novice GrEE
Lair:3 3 runed translucent doors, Gymmif's ghost, journeyman DsGl


Innate Abilities, Weirdness & Mutations

You have a pair of horns on your head.
You reflexively headbutt those who attack you in melee.


Message History

You slice the harpy!!
You kill the harpy!
Okawaru accepts your kill.
You hit the merfolk.
The merfolk avatar chants its luring song.
The merfolk closely misses you.
As you read the scroll of teleportation, it crumbles to dust.
You feel strangely unstable.
You carefully extract the barbed spikes from your body.
The pull of its song draws you forwards.
The harpy claws you.
* * * LOW HITPOINT WARNING * * *
The harpy closely misses you. You block the merfolk's attack.
You barely miss the harpy. You slash the water elemental!
You slice the wind drake!!
The wind drake is poisoned.
The harpy claws you but does no damage. x2; The merfolk misses you.
You slice the water elemental!!
The water elemental is severely damaged.
You slice the wind drake!!
The wind drake looks as sick as possible!
The pull of its song draws you forwards.
The merfolk avatar chants its luring song.
The water elemental hits you!
* * * LOW HITPOINT WARNING * * *
The wind drake barely misses you. You furiously retaliate!
You headbutt the wind drake!
The merfolk hits you from afar with a +0 trident!
* * * LOW HITPOINT WARNING * * *
The harpy closely misses you. You furiously retaliate!
You headbutt the harpy! The harpy claws you but does no damage.
The merfolk hits you from afar with a +0 trident.
* * * LOW HITPOINT WARNING * * *
You feel better. The harpy claws you!
* * * LOW HITPOINT WARNING * * *
The harpy claws you but does no damage. You block the wind drake's attack.
The water elemental hits you.
The water elemental engulfs you in water!
The merfolk avatar chants its luring song.
The merfolk throws a boomerang.
The boomerang hits you.
You die...

≈≈≈~~~~~~.~~.~.##........~~
≈≈≈~~~~~~.~~~~~.##.......~~
≈≈≈≈≈≈~~~~.~~~~...~~.....~~
≈≈≈≈≈~~~~~...~~~..~.......~
~~~~~~~~~~.# #~~..~~...~~~~
~~~~~~~~~..# #m~..~~....~~~
~~~~~~†~~..# #~.H†~~...~~~~
≈~~~~..~†..###E.km†~~~~~~~~
~~~~~..<~~...H.@~H≈†~~~~~~~
~~~~~........mt~~≈≈~~~~~~~~
~~~~~~.......~~~m≈≈≈≈≈~~~≈≈
~~~~~~~...~~~≈≈≈≈≈≈≈≈≈≈≈≈≈≈
.~~~~~~~..~~~≈≈≈≈≈≈≈≈≈≈≈≈≈≈
...~~~~~~~~~~~≈≈≈≈≈≈≈≈≈≈≈≈≈
#...~~~~~~~.~~~~~~~≈≈≈≈≈≈≈≈
##...~~~.~~..~~~~~~~~~≈
.###.~~~~~~~~~~~~


You could see a merfolk avatar (mesmerising), a snapping turtle, a wind drake
(repels missiles, extremely poisoned), 2 merfolk, 2 manticores, a water
elemental, a water nymph and a harpy.

Vanquished Creatures
  An orc warlord (Orc:1)
  A minotaur (Gauntlet)
  Snorg (D:12)
  An ettin (Orc:2)
  A hydra (Lair:5)
  4 catoblepae
  2 ogre magi (Orc:2)
  A merfolk avatar (Shoals:1)
  3 tengu warriors
  7 death yaks (Lair:5)
  4 boulder beetles
  12 two-headed ogres
  A fire crab (Gauntlet)
  2 sea snakes (Shoals:1)
  2 deep trolls (Orc:2)
  2 orc knights
  A deep elf pyromancer (D:12)
  5 harpies (Shoals:1)
  An oklob plant (D:10)
  An ugly thing (D:12)
  2 orc sorcerers
  3 manticores
  3 cyclopes
  A torpor snail (Lair:3)
  2 water nymphs
  5 black mambas
  2 gargoyles (D:12)
  3 rime drakes
  An unseen horror (D:12)
  15 cane toads
  9 komodo dragons
  15 trolls
  Prince Ribbit (D:7)
  5 blink frogs (Lair:5)
  A snapping turtle (Shoals:1)
  6 dream sheep (Lair:5)
  5 slime creatures (D:12)
  6 shadows
  A vampire (D:13)
  28 yaks
  4 wraiths
  Eustachio (D:5)
  2 wyverns
  3 basilisks
  3 vampire mosquitoes (D:11)
  5 fire bats (Gauntlet)
  3 steam dragons
  8 wargs
  Menkaure (D:5)
  3 acid dragons
  2 hell hounds (Gauntlet)
  13 water moccasins
  18 orc warriors
  A black bear (D:6)
  A sky beast (D:4)
  19 ogres
  An ice beast (D:8)
  16 wolves
  4 centaurs
  2 phantoms
  6 kobold brigands
  11 bullfrogs
  8 scorpions
  7 wights
  9 killer bees
  4 howler monkeys
  A crimson imp (D:7)
  10 orc priests
  A gnoll bouda (D:7)
  3 hounds
  2 iguanas
  8 jellies
  14 orc wizards
  6 hell rats (Lair:1)
  5 gnolls (D:7)
  10 adders
  A shadow imp (D:8)
  2 white imps
  5 worms
  3 dart slugs
  48 orcs
  7 ball pythons
  10 endoplasms
  4 giant cockroaches
  10 goblins
  6 hobgoblins
  4 jackals (D:1)
  5 quokkas
  5 bats
  3 frilled lizards
  26 kobolds
  4 rats
525 creatures vanquished.

Vanquished Creatures (others)
  A harpy (Shoals:1)
  2 kobolds (D:10)
  31 fungi
  99 plants
133 creatures vanquished.

Grand Total: 658 creatures vanquished

Notes
Turn   | Place    | Note
-------+----------+-------------------------------------------
     0 | D:1      | GuildmasterMusic the Minotaur Fighter began the quest for
                  | the Orb.
     0 | D:1      | Reached XP level 1. HP: 19/19 MP: 0/0
    42 | D:1      | Reached XP level 2. HP: 27/27 MP: 1/1
   117 | D:1      | Reached skill level 3 in Axes
   633 | D:2      | Reached XP level 3. HP: 29/33 MP: 2/2
  1256 | D:3      | Reached XP level 4. HP: 40/40 MP: 3/3
  1283 | D:3      | Found a hide-covered altar of Uskayaw.
  1339 | D:3      | Found a basalt altar of Yredelemnul.
  1507 | D:3      | Found an ancient bone altar of Kikubaaqudgha.
  1708 | D:4      | Reached skill level 4 in Axes
  1857 | D:4      | Noticed a scorpion
  1875 | D:4      | Killed a scorpion
  1876 | D:4      | Reached XP level 5. HP: 47/47 MP: 4/4
  2012 | D:4      | Noticed a sky beast
  2018 | D:4      | Killed a sky beast
  2019 | D:4      | Reached skill level 5 in Axes
  2254 | D:4      | Noticed a phantom
  2269 | D:4      | Killed a phantom
  2270 | D:4      | Reached skill level 5 in Fighting
  2270 | D:4      | Reached skill level 5 in Shields
  2270 | D:4      | Reached XP level 6. HP: 54/56 MP: 5/5
  2279 | D:4      | Reached skill level 5 in Armour
  2484 | D:5      | Entered Level 5 of the Dungeon
  2484 | D:5      | Noticed Eustachio
  2496 | D:5      | Killed Eustachio
  2497 | D:5      | Reached skill level 6 in Axes
  2497 | D:5      | Reached XP level 7. HP: 55/61 MP: 6/6
  2510 | D:5      | Found a glowing drain.
  2519 | Sewer    | Entered a sewer
  2879 | D:5      | Reached skill level 7 in Axes
  2888 | D:5      | Identified the +2 robe "Xowaitix" {Str+2}
  3031 | D:5      | Reached XP level 8. HP: 69/70 MP: 7/7
  3349 | D:5      | Noticed Menkaure
  3354 | D:5      | Killed Menkaure
  3818 | D:6      | Reached skill level 8 in Axes
  3975 | D:6      | Found an iron altar of Okawaru.
  3981 | D:6      | Became a worshipper of Warmaster Okawaru
  4300 | D:6      | Reached skill level 9 in Axes
  4600 | D:6      | Reached XP level 9. HP: 79/79 MP: 8/8
  4729 | D:7      | Reached * piety under Okawaru
  4733 | D:7      | Found a staircase to the Ecumenical Temple.
  4880 | D:7      | Found a sacrificial altar of Ru.
  5013 | D:7      | Found a sparkling altar of Nemelex Xobeh.
  5144 | D:7      | Reached skill level 1 in Invocations
  5180 | D:7      | Noticed Prince Ribbit
  5190 | D:7      | Killed Prince Ribbit
  5379 | D:7      | Found a burning altar of Makhleb.
  5393 | D:7      | Reached skill level 10 in Axes
  5558 | D:8      | Reached ** piety under Okawaru
  5561 | D:8      | Found an opulent altar of Gozag.
  5713 | D:8      | Found Sooc's Weapon Shoppe.
  5821 | D:8      | Found a runed translucent door.
  5963 | D:8      | Noticed a two-headed ogre
  6155 | D:8      | Killed a two-headed ogre
  6156 | D:8      | Reached skill level 11 in Axes
  6156 | D:8      | Reached XP level 10. HP: 23/90 MP: 8/11
  6656 | D:8      | Noticed cheesebisquit's ghost (novice GrEE)
  6722 | D:9      | Found an ornate altar of the Wu Jian Council.
  6728 | D:9      | Found a shadowy altar of Dithmenos.
  6914 | D:9      | Noticed a tengu warrior
  6937 | D:9      | Killed a tengu warrior
  7438 | D:9      | Reached *** piety under Okawaru
  7843 | D:10     | Entered Level 10 of the Dungeon
  8011 | D:10     | Found a shimmering altar of Xom.
  8195 | D:10     | Noticed an oklob plant
  8200 | D:10     | Found a staircase to the Lair.
  8216 | D:10     | Noticed a two-headed ogre
  8224 | D:10     | Killed a two-headed ogre
  8225 | D:10     | Reached skill level 12 in Axes
  8493 | D:10     | Reached **** piety under Okawaru
  8939 | D:10     | Killed an oklob plant
  9010 | Lair:1   | Entered Level 1 of the Lair of Beasts
  9010 | Lair:1   | Noticed a cane toad
  9016 | Lair:1   | Killed a cane toad
  9017 | Lair:1   | Reached XP level 11. HP: 97/97 MP: 13/13
  9426 | Lair:1   | Reached ***** piety under Okawaru
  9618 | Lair:1   | Reached skill level 5 in Invocations
  9633 | Lair:1   | Reached skill level 13 in Axes
  9891 | Lair:1   | Reached skill level 10 in Fighting
 10112 | Lair:2   | Reached skill level 10 in Shields
 10178 | Lair:2   | Received a gift from Okawaru
 10179 | Lair:2   | Reached skill level 10 in Armour
 10394 | Lair:2   | HP: 6/150 [water nymph (3)]
 10935 | Lair:2   | Reached skill level 14 in Axes
 11614 | Lair:3   | Reached XP level 12. HP: 100/108 MP: 14/14
 11708 | Lair:3   | Found a hole to the Spider Nest.
 12161 | Lair:3   | Found a runed translucent gate.
 12163 | Lair:3   | Found a runed translucent gate.
 12335 | Lair:3   | Found a runed translucent gate.
 12352 | Lair:3   | Noticed Gymmif's ghost (journeyman DsGl)
 12569 | Lair:4   | You fall into a shaft and drop 1 floor!
 12569 | Lair:5   | Entered Level 5 of the Lair of Beasts
 12597 | Lair:5   | Noticed a catoblepas
 12816 | Lair:4   | Noticed a catoblepas
 12842 | Lair:4   | Killed a catoblepas
 12892 | Lair:4   | Reached skill level 15 in Axes
 13944 | Lair:4   | Identified the +9 war axe of the Extremes {venom, rF+ Str+2
                  | Dex-3} (Okawaru gifted it to you on level 4 of the Lair of
                  | Beasts)
 13944 | Lair:4   | Received a gift from Okawaru
 14157 | Lair:5   | Killed a catoblepas
 14192 | Lair:5   | Noticed a death yak
 14196 | Lair:5   | Noticed a death yak
 14199 | Lair:5   | Noticed a death yak
 14200 | Lair:5   | Noticed a death yak
 14200 | Lair:5   | Noticed a death yak
 14211 | Lair:5   | Killed a death yak
 14212 | Lair:5   | Killed a death yak
 14216 | Lair:5   | Killed a death yak
 14222 | Lair:5   | Killed a death yak
 14225 | Lair:5   | Killed a death yak
 14435 | Lair:5   | Noticed a catoblepas
 14456 | Lair:5   | Killed a catoblepas
 14677 | Lair:5   | Noticed a death yak
 14677 | Lair:5   | Noticed a death yak
 14679 | Lair:5   | Killed a death yak
 14680 | Lair:5   | Reached skill level 16 in Axes
 14680 | Lair:5   | Reached XP level 13. HP: 105/117 MP: 17/17
 14744 | Lair:5   | Reached ****** piety under Okawaru
 15060 | Lair:5   | Identified the +2 buckler of Time Monsters {Rampage Will++
                  | Int-4 Stlth+} (Okawaru gifted it to you on level 5 of the
                  | Lair of Beasts)
 15060 | Lair:5   | Received a gift from Okawaru
 15127 | Lair:5   | Found a staircase to the Slime Pits.
 15133 | Lair:5   | Found a viscous altar of Jiyva.
 16140 | D:11     | Found a staircase to the Orcish Mines.
 16591 | D:12     | Reached skill level 17 in Axes
 16630 | D:12     | Found a gate leading to a gauntlet.
 16639 | Gauntlet | Entered a Gauntlet
 16639 | Gauntlet | Found a transporter.
 16644 | Gauntlet | Found a transporter.
 16656 | Gauntlet | Found a transporter.
 16665 | Gauntlet | Found a transporter.
 16712 | Gauntlet | Found a transporter.
 16751 | Gauntlet | Noticed a minotaur
 16757 | Gauntlet | Killed a minotaur
 17020 | D:12     | Noticed Snorg
 17029 | D:12     | Killed Snorg
 17045 | D:12     | Received a gift from Okawaru
 17284 | D:12     | Reached XP level 14. HP: 112/129 MP: 16/19
 18361 | Orc:1    | Entered Level 1 of the Orcish Mines
 18553 | Orc:1    | Noticed an orc warlord
 18569 | Orc:1    | Killed an orc warlord
 18711 | Orc:1    | Found a runed translucent door.
 18964 | Orc:2    | Entered Level 2 of the Orcish Mines
 18971 | Orc:2    | Received a gift from Okawaru
 18977 | Orc:2    | Reached skill level 18 in Axes
 19163 | Orc:2    | Found a staircase to the Elven Halls.
 19544 | Orc:2    | Found a burning altar of Makhleb.
 19583 | Orc:2    | Found Pipherut's General Store.
 19588 | Orc:2    | Found Hulounte's Jewellery Boutique.
 19597 | Orc:2    | Found Dyonket's General Store.
 19598 | Orc:2    | Found Nalat's Weapon Emporium.
 19639 | Orc:2    | Bought 2 scrolls of identify for 52 gold pieces
 19640 | Orc:2    | Identified a scroll of acquirement
 19641 | Orc:2    | Acquired a manual of Shields
 20217 | Shoals:1 | Entered Level 1 of the Shoals
 20277 | Shoals:1 | HP: 4/132 [manticore/volley of spikes (6)]
 20284 | Shoals:1 | HP: 4/133 [merfolk/+0 trident (3)]
 20285 | Shoals:1 | Hit by a boomerang thrown by a merfolk

Illustrated notes

Levels and vault maps discovered:
D:1:      dpeg_arrival_lava_temple_mockup, layout_rooms, grunt_decor_junction,
          dk_noncrumbling_3
D:2:      layout_basic
D:3:      layout_rooms, mainiacjoe_overflow_cross_hatched,
          kiku_gazebo_pond_becter, lemuel_tele_altar, st_stairs_1
D:4:      layout_basic, minmay_crystal_room
D:5:      layout_layer_cave, portal_sewer_entry_d, kennysheep_generic_room_3,
          uniq_eustachio, uniq_menkaure
D:6:      layout_gridville, lemuel_round_altar
D:7:      layout_basic, mainiacjoe_overflow_small_starburst,
          makhleb_grotto_becter, overflow_temple_1_default,
          minmay_temple_entry_overgrown, uniq_prince_ribbit1
D:8:      layout_rooms, grunt_gozag_statues, ebering_ghost_reflecting_pool,
          serial_shops, nicolae_shop_bloodbath_and_beyond
D:9:      layout_irregular_city, jmf_multi_god_temple
D:10:     layout_grid_maze, mainiacjoe_overflow_alcove_4, dpeg_oklobed_lair
D:11:     layout_rooms, minmay_orc_entry_guard_dogs
D:12:     layout_grid_maze, gauntlet_entry_generic, uniq_snorg
D:13:     layout_loops_ring
Lair:1:   layout_regular_city
Lair:2:   layout_misc_corridors, nicolae_shoals_entry_flooding,
          grunt_megastairs_1
Lair:3:   layout_loops_ring, nicolae_spider_entry_non_spiders,
          gammafunk_ghost_necromancy, grunt_megastairs_2
Lair:4:   layout_hall_layers, cheibrodos_lair_caveside_slide
Lair:5:   evilmike_catoblepas_cave, layout_gridlike,
          nicolae_slime_entry_field_trip, lemuel_fruit_tree
Shoals:1: layout_shoals, nicolae_shoals_aquamancer_cove
Orc:1:    layout_caves, basic_altar, lightli_church_of_beogh
Orc:2:    st_orc_open, layout_caves, basic_altar

Skill      XL: |  1  2  3  4  5  6  7  8  9 10 11 12 13 14 |
---------------+-------------------------------------------+-----
Axes           | 3 4 5 6 7 9 11 12 14 16 17 18 | 18.0
Fighting       | 4 5 6 7 8 9 10 11 13 14 | 14.3
Armour         | 4 5 6 7 8 9 10 11 13 14 | 14.3
Shields        | 4 5 6 7 8 9 10 12 13 14 | 14.5
Invocations    | 3 4 5 6 8 9 |  9.7

Action                     |  1- 3 |  4- 6 |  7- 9 | 10-12 | 13-15 || total
---------------------------+-------+-------+-------+-------+-------++-------
  Melee: War axe           |    71 |    73 |   237 |   446 |   460 ||  1287
         Headbutt          |     8 |     9 |    39 |   112 |   100 ||   268
 Invoke: Heroism           |       |       |     1 |     1 |     5 ||     7
    Use: Scroll            |     4 |     3 |     8 |    13 |     9 ||    37
         Potion            |       |       |       |     6 |     6 ||    12
 Armour: Scale mail        |    29 |       |       |       |       ||    29
         Ring mail         |     1 |    29 |    21 |       |       ||    51
         Chain mail        |       |       |    86 |    33 |       ||   119
         Plate armour      |       |       |       |   219 |   227 ||   446
         Skin              |       |       |       |    37 |       ||    37
  Dodge: Dodged            |    48 |    31 |    88 |   138 |   142 ||   447
         Repelled          |       |       |       |       |     6 ||     6
  Block: Buckler           |    18 |    21 |    50 |   108 |   139 ||   336

Table legend: (Time is in decaauts)
 A = Elapsed time spent in this place.
 B = Non-inter-level travel time spent in this place.
 C = Inter-level travel time spent in this place.
 D = Time resting spent in this place.
 E = Time spent auto-exploring this place.
 F = Levels seen in this place.
 G = Mean time per level.
                   A        B        C        D        E       F      G
               +--------+--------+--------+--------+--------+-----+--------+
         Total |  20197 |  19413 |    784 |   3135 |  11701 |  23 |  878.1 |
       Dungeon |  10848 |  10361 |    487 |    675 |   7623 |  13 |  834.5 |
          Lair |   7081 |   6841 |    240 |   2181 |   2919 |   5 | 1416.2 |
        Shoals |     63 |     63 |      0 |      0 |      0 |   1 |   63.0 |
  Orcish Mines |   1706 |   1650 |     56 |    279 |    938 |   2 |  853.0 |
         Sewer |    334 |    334 |      0 |      0 |    220 |   1 |  334.0 |
      Gauntlet |    163 |    163 |      0 |      0 |      0 |   1 |  163.0 |
               +--------+--------+--------+--------+--------+-----+--------+

Top non-repeatable levels by time:
  Lair:5: 1888 daAuts
  Lair:4: 1526 daAuts
  Lair:2: 1523 daAuts
    D:10: 1200 daAuts
  Lair:1: 1163 daAuts
     D:9: 1151 daAuts
     D:7: 1052 daAuts
    D:12: 1029 daAuts
     D:5: 1005 daAuts
  Lair:3: 979 daAuts
     D:8: 969 daAuts
     D:6: 876 daAuts
   Orc:1: 871 daAuts
   Orc:2: 835 daAuts
     D:4: 806 daAuts
